 Dungeon Crawl Stone Soup version 0.23-a0-305-g7ffd15e (webtiles) character file.

101 galech the Shield-Bearer (level 4, -2/35 HPs)
             Began as a Demonspawn Fighter on Oct 9, 2018.
             Killed by nerve-wracking pain
             ... invoked by a shadow imp
             ... summoned by Natasha
              (9 damage)
             ... on level 3 of the Dungeon.
             The game lasted 00:01:51 (1690 turns).

galech the Shield-Bearer (Demonspawn Fighter)       Turns: 1690, Time: 00:01:51

Health: -2/35      AC: 13    Str: 16    XL:     4   Next: 48%
Magic:  4/4        EV:  4    Int:  9    God:
Gold:   44         SH:  9    Dex: 14    Spells: 3/3 levels left

rFire    . . .     SeeInvis .   a - +0 war axe
rCold    . . .     Gourm    .   c - +0 shield
rNeg     . . .     Faith    .   j - +0 chain mail
rPois    .         Spirit   .   e - +0 helmet
rElec    .         Reflect  .   (no cloak)
rCorr    .         Harm     .   l - +0 pair of gloves
MR       .....                  (no boots)
Stlth    ..........             (no amulet)
HPRegen  0.11/turn              (no ring)
MPRegen  0.09/turn              (no ring)

@: slowed, very slow
A: molten scales 1, spiny 1
a: no special abilities


You were on level 3 of the Dungeon.
You were hungry.

You visited 1 branch of the dungeon, and saw 3 of its levels.

You collected 44 gold pieces.

Inventory:

Hand Weapons
 a - a +0 war axe (weapon)
Armour
 c - a +0 shield (worn)
 e - a +0 helmet (worn)
 j - a +0 chain mail (worn)
 l - a +0 pair of gloves (worn)
Scrolls
 b - a scroll of amnesia {unknown}
 h - a scroll of enchant weapon {unknown}
 i - 3 scrolls of identify {unknown}
 n - a scroll of enchant armour {unknown}
Potions
 d - a potion of might
 k - a potion of haste {unknown}
 m - 2 potions of curing {unknown}
Comestibles
 f - 5 rations


   Skills:
 + Level 3.3 Fighting
 + Level 3.0 Axes
 + Level 2.9 Armour
 + Level 0.2 Dodging
 + Level 3.6 Shields


You had 3 spell levels left.
You didn't know any spells.
Your spell library was empty.

Dungeon Overview and Level Annotations

Branches:
Dungeon (3/15)

Altars:
Sif Muna

Annotations:
D:3 Natasha


Innate Abilities, Weirdness & Mutations

You are partially covered in molten scales. (AC +2)
You are partially covered in sharp spines.


Message History

The shadow imp gestures at you. Pain shoots through your body!
Natasha closely misses you.
You hit Natasha.
Natasha is lightly wounded.
You slash the shadow imp!
The shadow imp hits you but does no damage.
Natasha claws you but does no damage.
The shadow imp is struck by your spines.
The shadow imp hits you. Natasha casts a spell at you. The magic dart hits you!
You are too injured to fight recklessly!
You hit Natasha.
Natasha is heavily wounded.
You closely miss the shadow imp. You block the shadow imp's attack.
Natasha claws you.
* * * LOW HITPOINT WARNING * * *
The shadow imp gestures at you. Pain shoots through your body!
You die...

###### ###
#....# ...#
#[##<# .#.#
#.######...#
#..........###
#####......)..
#....>@h......
#...#.#5...###
#...#.#....#
#.. +.#....#
#.. ###......
#. ....... #.
#...... ......


You could see Natasha and a shadow imp.

Vanquished Creatures
  3 gnolls (D:2)
  2 adders (D:2)
  A worm (D:2)
  A leopard gecko (D:2)
  3 orcs (D:2)
  A giant cockroach (D:2)
  6 goblins
  6 hobgoblins (D:2)
  3 jackals (D:1)
  4 bats
  4 frilled lizards
  7 kobolds
  7 rats
48 creatures vanquished.

Notes
Turn   | Place    | Note
-------+----------+-------------------------------------------
     0 | D:1      | galech the Demonspawn Fighter began the quest for the Orb.
     0 | D:1      | Reached XP level 1. HP: 18/18 MP: 1/1
   184 | D:1      | Gained mutation: You are partially covered in molten
                  | scales. (AC +2) [demonic ancestry]
   184 | D:1      | Reached XP level 2. HP: 14/24 MP: 2/2
   849 | D:2      | Gained mutation: You are partially covered in sharp spines.
                  | [demonic ancestry]
   849 | D:2      | Reached XP level 3. HP: 17/29 MP: 3/3
  1051 | D:2      | Found a deep blue altar of Sif Muna.
  1200 | D:2      | Reached XP level 4. HP: 22/35 MP: 4/4
  1684 | D:3      | Noticed Natasha
  1690 | D:3      | Killed from afar by a shadow imp

Vault maps used:
D:1:      dpeg_arrival_stonehenge_8_columns
D:2:      nicolae_overflow_crystal_walls, first_ration, kennysheep_nondescript,
          hangedman_glass_teeth
D:3:      uniq_natasha

Skill      XL: |  1  2  3  4 |
---------------+-------------+-----
Shields        | 3 |  3.6
Axes           | 2 3 |  3.0
Fighting       | |  3.3
Armour         | |  2.9
Dodging        | |  0.2

Action                   |  1- 3 |  4- 6 || total
-------------------------+-------+-------++-------
Melee: War axe           |   115 |    38 ||   153
  Eat: Chunk             |     1 |     1 ||     2
Armor: Scale mail        |    22 |       ||    22
       Chain mail        |    72 |    25 ||    97
Dodge: Dodged            |    22 |     8 ||    30
Block: Shield            |    73 |    21 ||    94

Table legend:
 A = Non-vault XP
 B = Vault XP
 C = Vault XP percentage of total XP
 D = Non-vault monster count
 E = Vault monster count
 F = Vault count percentage of total count
                 A         B        C        D         E       F
            +---------+---------+-------+---------+---------+-------
      Total |     145 |       0 |   0.0 |      48 |       0 |   0.0
            +---------+---------+-------+---------+---------+-------
        D:1 |      26 |       0 |   0.0 |      18 |       0 |   0.0
        D:2 |     119 |       0 |   0.0 |      30 |       0 |   0.0
            +---------+---------+-------+---------+---------+-------
